 Dungeon Crawl Stone Soup version 0.30.0-7-g0c4daa9e05 (webtiles) character file.

Game seed: 6652514784367344887

2297 Peloso the Carver (level 9, -1/75 HPs)
             Began as a Minotaur Fighter on May 13, 2023.
             Was a Priest of Okawaru.
             Slain by a slime creature (8 damage)
             ... on level 6 of the Dungeon.
             The game lasted 00:07:50 (4995 turns).

Peloso the Carver (Minotaur Fighter)                Turns: 4995, Time: 00:07:51

Health: -1/75      AC:  3    Str: 22    XL:     9   Next: 17%
Magic:  8/8        EV:  6    Int:  5    God:    Okawaru [***...]
Gold:   314        SH: 12    Dex: 13    Spells: 8/8 levels left

rFire   . . .        a - +0 long sword
rCold   . . .        d - +2 kite shield
rNeg    . . .        c - +0 plate armour
rPois   .            (helmet restricted)
rElec   .            (no cloak)
rCorr   .            (no gloves)
SInv    .            n - +0 pair of boots
Will    +....        (no amulet) Stlth
                     g - +4 ring of protection
HPRegen 0.32/turn    f - ring of willpower
MPRegen 0.11/turn

%: no passive effects
@: corroded
A: horns 2, retaliatory headbutt
a: Renounce Religion, Heroism


You were on level 6 of the Dungeon.
You worshipped Okawaru.
Okawaru was most pleased with you.
You visited 2 branches of the dungeon, and saw 7 of its levels.

You collected 314 gold pieces.

Inventory:

Hand Weapons
 a - a +0 long sword (weapon)
Missiles
 E - a throwing net (quivered)
Armour
 b - a +0 scale mail
 c - a +0 plate armour (worn)
 d - a +2 kite shield (worn)
 n - a +0 pair of boots (worn)
Jewellery
 f - a ring of willpower (right hand)
 g - a +4 ring of protection (left hand)
 o - a ring of wizardry
 u - a ring of poison resistance
 B - a ring of resist corrosion
Wands
 D - a wand of polymorph (11)
Scrolls
 e - 2 scrolls of poison {unknown}
 j - 4 scrolls of teleportation {unknown}
 k - a scroll of noise {unknown}
 p - 4 scrolls of identify {unknown}
 q - 2 scrolls of amnesia {unknown}
 s - 2 scrolls of brand weapon {unknown}
 w - a scroll of fear {unknown}
 y - a scroll of blinking {unknown}
 C - a scroll of enchant weapon {unknown}
 F - 3 scrolls of silence {unknown}
Potions
 h - 2 potions of attraction {unknown}
 i - a potion of haste {unknown}
 l - 3 potions of might
 m - 5 potions of curing {unknown}
 r - 5 potions of mutation {unknown}
 t - 3 potions of heal wounds
 v - a potion of brilliance {unknown}
 x - a potion of invisibility {unknown}
 z - a potion of degeneration {unknown}
 A - 4 potions of flight {unknown}


   Skills:
 + Level 5.9 Fighting
 + Level 9.1 Long Blades
 + Level 8.3 Armour
 + Level 1.0 Dodging
 + Level 0.5 Stealth
 + Level 8.4 Shields


You had 8 spell levels left.
You didn't know any spells.
Your spell library contained the following spells:

 Spells                   Type           Power      Damage    Failure   Level
 Apportation              Tloc           0%         N/A       100%        1
 Necrotise                Necr           0%         1d4       100%        1
 Ensorcelled Hibernation  Hex/Ice        0%         N/A       100%        2
 Spider Form              Tmut/Pois      0%         N/A       100%        3
 Anguish                  Hex/Necr       0%         N/A       100%        4
 Summon Small Mammal      Summ           Unusable   N/A       N/A         1

Dungeon Overview and Level Annotations

Branches:
Dungeon (6/15)             Temple (1/1) D:4

Altars:
Gozag
Hepliaklqana
Kikubaaqudgha
Makhleb
Nemelex Xobeh
Okawaru
Sif Muna
Trog
Wu Jian

Shops:
D:2 *[   D:5 [

Annotations:
D:3 3 runed translucent doors, NoOffense's ghost, novice SpHu; randart's ghost, amateur DECj


Innate Abilities, Weirdness & Mutations

You have a pair of horns on your head.
You reflexively headbutt those who attack you in melee.


Message History

The jelly hits you. The acid corrodes you!
You are splashed with acid!
You hit the jelly. The acid corrodes you!
Your hands burn!
The jelly is almost dead.
The jelly hits you but does no damage.
You hit the jelly but do no damage. The acid corrodes you!
Your hands burn!
You headbutt the jelly, but do no damage.
The jelly is almost dead.
You block the jelly's attack.
You hit the jelly but do no damage.
Your hands burn!
You headbutt the jelly.
You kill the jelly!
Okawaru accepts your kill.
You hit the slime creature.
You headbutt the slime creature, but do no damage.
The slime creature is lightly wounded.
The slime creature hits you.
You hit the slime creature.
The slime creature is lightly wounded.
You block the slime creature's attack.
You completely miss the slime creature. You headbutt the slime creature.
The slime creature is lightly wounded.
The slime creature hits you.
You hit the slime creature but do no damage.
The slime creature is lightly wounded.
You block the slime creature's attack.
You hit the slime creature but do no damage.
You headbutt the slime creature, but do no damage.
The slime creature is lightly wounded.
The slime creature hits you!
* * * LOW HITPOINT WARNING * * *
You hit the slime creature.
The slime creature is moderately wounded.
You block the slime creature's attack.
You barely miss the slime creature.
The slime creature is moderately wounded.
The slime creature hits you!
* * * LOW HITPOINT WARNING * * *
You hit the slime creature.
The slime creature is moderately wounded.
The slime creature hits you!
You die...

.......# .......# .......#
.......########
.......##....J.##########
.......##PP.PP÷'##......#########
.......##..J...#.#.......##.#..))
.......##...PPP#J#........'.#.###
.......##...J.J#@#........'...#
.......##.....P#.#'#..)...'.#.#
.......##.÷.J..#)#.#.....##.#.#
.......##.P.PJP#.#.#....#####.#
######.##?....J##.#########...##
.......# ##########..#..#
#......#############.......##..##
.....................########...#
#####.......#################....


You could see a slime creature.

Vanquished Creatures
  4 yaks
  A water moccasin (D:6)
  3 black bears
  An ice beast (D:6)
  A centaur (D:5)
  A phantom (D:6)
  2 kobold brigands (D:6)
  A bullfrog (D:6)
  2 scorpions
  2 jellies (D:6)
  2 orc priests
  2 hounds
  6 iguanas
  Terence (D:2)
  3 sleepcaps
  An orc wizard (D:5)
  13 gnolls
  8 adders
  A shadow imp (D:3)
  A white imp (D:6)
  2 ufetubi (D:5)
  A worm (D:2)
  A dart slug (D:1)
  15 orcs
  10 endoplasms
  4 giant cockroaches
  9 goblins
  5 hobgoblins
  A quokka (D:4)
  8 ball pythons
  6 bats
  12 kobolds
  7 rats
137 creatures vanquished.

Notes
Turn   | Place    | Note
-------+----------+-------------------------------------------
     0 | D:1      | Peloso the Minotaur Fighter began the quest for the Orb.
     0 | D:1      | Reached XP level 1. HP: 19/19 MP: 0/0
   294 | D:1      | Reached XP level 2. HP: 27/27 MP: 1/1
   748 | D:2      | Noticed Terence
   768 | D:2      | Killed Terence
   769 | D:2      | Reached skill level 3 in Long Blades
   769 | D:2      | Reached XP level 3. HP: 25/33 MP: 2/2
   934 | D:2      | Reached XP level 4. HP: 18/40 MP: 3/3
  1077 | D:2      | Found Xuach's Antique Armour Boutique.
  1263 | D:2      | Found Bebreog's General Store.
  1479 | D:3      | Reached skill level 4 in Long Blades
  1550 | D:3      | Reached XP level 5. HP: 40/46 MP: 4/4
  1660 | D:3      | Reached skill level 5 in Long Blades
  1811 | D:3      | Reached skill level 5 in Shields
  1877 | D:3      | Found a runed translucent gate.
  1877 | D:3      | Found a runed translucent gate.
  1877 | D:3      | Found a runed translucent gate.
  1910 | D:3      | Found an iron altar of Okawaru.
  1933 | D:3      | Became a worshipper of Warmaster Okawaru
  2048 | D:3      | Reached XP level 6. HP: 52/52 MP: 5/5
  2170 | D:3      | Found a bloodstained altar of Trog.
  2427 | D:3      | Noticed NoOffense's ghost (novice SpHu)
  2427 | D:3      | Noticed randart's ghost (amateur DECj)
  2593 | D:4      | Noticed a yak
  2598 | D:4      | Noticed a yak
  2598 | D:4      | Noticed a yak
  2605 | D:4      | Noticed a yak
  2639 | D:3      | Killed a yak
  2640 | D:3      | Reached skill level 6 in Long Blades
  2640 | D:3      | Reached skill level 5 in Armour
  2762 | D:3      | Killed a yak
  2763 | D:3      | Reached XP level 7. HP: 43/60 MP: 6/6
  2775 | D:3      | Killed a yak
  2775 | D:3      | Reached * piety under Okawaru
  2776 | D:3      | Reached skill level 5 in Fighting
  2776 | D:3      | Reached skill level 7 in Long Blades
  2868 | D:4      | Killed a yak
  2949 | D:4      | Found a staircase to the Ecumenical Temple.
  3028 | Temple   | Entered the Ecumenical Temple
  3491 | D:5      | Entered Level 5 of the Dungeon
  3500 | D:5      | Reached XP level 8. HP: 46/56 MP: 7/7
  3869 | D:5      | Reached ** piety under Okawaru
  4025 | D:5      | Found a burning altar of Makhleb.
  4075 | D:5      | Reached skill level 8 in Long Blades
  4301 | D:5      | Found Tovoily's Armour Shoppe.
  4301 | D:5      | Noticed an animated gold dragon scales
  4301 | D:5      | Noticed an animated pearl dragon scales
  4561 | D:6      | Reached skill level 1 in Dodging
  4647 | D:6      | Identified the +4 leather armour "Cinaq" {Int+4 Dex+3}
  4723 | D:6      | Reached *** piety under Okawaru
  4724 | D:6      | Reached skill level 9 in Long Blades
  4731 | D:6      | Reached XP level 9. HP: 47/75 MP: 8/8
  4995 | D:6      | Slain by a slime creature

Illustrated notes

Levels and vault maps discovered:
D:1:      heliophobic_arrival_ceremonial_halls, layout_loops_cross
D:2:      layout_basic, serial_shops, nicolae_shop_hallway_stairs,
          nicolae_shop_peninsula, corexii_leaking_fountain,
          kennysheep_cross_room, uniq_terence
D:3:      layout_basic, trog_antimagical, okawaru_altar_gauntlet_db,
          gammafunk_ghost_cemetery, nrook_campfire, corner_web_ring
D:4:      layout_cave_pools, minmay_temple_entry_glass, minmay_distorted
D:5:      layout_gridville, mainiacjoe_overflow_brackets, serial_shops,
          nicolae_shop_mannequins
D:6:      cheibrodos_fertilizer, layout_basic, nicolae_overflow_crystal_walls,
          serial_shops, nicolae_take_the_stairs, grunt_tough_drop
Temple:   hc_temple_tempest_star

Skill      XL: |  1  2  3  4  5  6  7  8  9 |
---------------+----------------------------+-----
Armour         | 4 5 6 7 8 |  8.3
Shields        | 4 5 6 8 |  8.4
Fighting       | 4 5 |  5.9
Long Blades    | 3 4 5 6 7 9 |  9.1
Dodging        | 1 |  1.0
Stealth        | |  0.5

Action                     |  1- 3 |  4- 6 |  7- 9 || total
---------------------------+-------+-------+-------++-------
  Melee: Long sword        |    60 |   142 |   277 ||   479
         Headbutt          |     7 |    31 |    73 ||   111
 Armour: Scale mail        |     7 |       |       ||     7
         Plate armour      |    43 |   123 |   186 ||   352
  Dodge: Dodged            |    24 |    36 |    60 ||   120
  Block: Buckler           |    18 |    34 |       ||    52
         Kite shield       |       |    25 |   216 ||   241
